 Dungeon Crawl Stone Soup version 0.28-a0-1235-g7c8fac35f0 (webtiles) character file.

Game seed: 13459269896668791854

344752 Armakuni the Gelid (level 23, -6/149 (181) HPs)
             Began as a Human Wanderer on Dec 21, 2021.
             Was the Champion of Jiyva.
             Killed from afar by a golden dragon (21 damage)
             ... with a bolt of fire
             ... on level 5 of the Vaults on Dec 24, 2021.
             The game lasted 02:37:27 (45188 turns).

Armakuni the Gelid (Human Wanderer)                Turns: 45188, Time: 02:37:28

HP:   -6/149 (181)  AC: 23    Str: 22    XL:     23   Next: 9%
MP:   44/44         EV: 13    Int: 25    God:    Jiyva [******]
Gold: 1752          SH:  8    Dex: 18    Spells: 25/56 levels left

rFire   + . .      SeeInvis +   a - staff of cold
rCold   + + .      Faith    .   e - +0 buckler {rC+ rF+}
rNeg    . . .      Spirit   .   J - +0 swamp dragon scales
rPois   +          Reflect  .   (helmet unavailable)
rElec   .          Harm     .   C - +2 cloak {Will+}
rCorr   +          Rampage  .   g - +0 pair of gloves
Will    ++...                   (boots unavailable)
Stlth   +.........              A - amulet of the acrobat
HPRegen 3.54/turn               K - ring of Teang {rCorr Str+6 SInv}
MPRegen 0.79/turn               I - +6 ring of intelligence

@: slowed, constricted, heavily drained, very slow
A: antennae 3, talons 3, iridescent scales 3, agile 2, mutation resistance 1,
poison resistance, regeneration 2, eyeballs 2, tendrils, jelly absorbing
missiles
}: 2/15 runes: barnacled, gossamer
a: Renounce Religion, Oozemancy, Slimify


You were on level 5 of the Vaults.
You worshipped Jiyva.
Jiyva was exalted by your worship.
You visited 7 branches of the dungeon, and saw 37 of its levels.
You visited 1 bazaar.
You also visited: Ice Cave and Volcano.

You collected 5182 gold pieces.
You spent 3430 gold pieces at shops.

Inventory:

Armour
 e - a +0 buckler of resistance (worn)
 g - a +0 pair of gloves (worn)
 C - a +2 cloak of willpower (worn)
 F - a +2 pair of boots
 J - +0 swamp dragon scales (worn)
 N - the +2 helmet of Knowledge {rElec rN+ Dex-3}
   (You found it on level 1 of the Spider Nest)

   Dex:       It affects your dexterity (-3).
   rElec:     It insulates you from electricity.
   rN:        It protects you from negative energy.
Magical Staves
 a - a staff of cold (weapon)
 b - a staff of conjuration
Jewellery
 A - an amulet of the acrobat (around neck)
 I - a +6 ring of intelligence (right hand)
 K - the ring of Teang (left hand) {rCorr Str+6 SInv}
   (You found it on level 6 of the Dungeon)

   [ring of see invisible]

   Str:       It affects your strength (+6).
   SInv:      It lets you see invisible.
   rCorr:     It protects you from acid and corrosion.
 R - an amulet of regeneration
 V - the ring "Daeriegi" {rPois Str+6 Int+3 Dex+5}
   (You acquired it on level 6 of the Dungeon)

   [ring of strength]

   Str:       It affects your strength (+6).
   Int:       It affects your intelligence (+3).
   Dex:       It affects your dexterity (+5).
   rPois:     It protects you from poison.
 Y - an amulet of magic regeneration
Wands
 p - a wand of digging (6)
 x - a wand of acid (5)
 X - a wand of paralysis (6)
 Z - a wand of flame (5)
Scrolls
 c - a scroll of brand weapon
 n - 6 scrolls of noise
 o - a scroll of torment
 s - 10 scrolls of amnesia
 u - 3 scrolls of enchant armour
 w - 4 scrolls of fear
 y - 7 scrolls of teleportation
 z - 3 scrolls of holy word
 B - 4 scrolls of fog
 G - 17 scrolls of identify
 U - 2 scrolls of magic mapping
Potions
 f - 3 potions of flight
 h - 2 potions of might
 i - a potion of magic
 j - a potion of berserk rage
 k - 2 potions of brilliance
 q - 6 potions of lignification
 r - 7 potions of curing
 t - 2 potions of cancellation
 D - a potion of invisibility
 M - a potion of heal wounds
 Q - 3 potions of ambrosia
 T - a potion of mutation
Miscellaneous
 d - a condenser vane (inert)
 l - a lightning rod (4/4)
 m - a phantom mirror
 E - a box of beasts


   Skills:
 - Level 15.2 Fighting
 - Level 12.0 Staves
 + Level 15.1 Armour
 - Level 8.1 Dodging
 - Level 12.6 Shields
 + Level 17.1 Spellcasting
 - Level 10.0 Conjurations
 - Level 5.0 Translocations
 - Level 6.7 Transmutations
 + Level 19.2 Ice Magic
 - Level 1.5 Invocations
 - Level 10.0 Evocations


You had 25 spell levels left.
You knew the following spells:

 Your Spells              Type           Power      Damage    Failure   Level
a - Apportation           Tloc           92%        N/A       1%          1
b - Blink                 Tloc           92%        N/A       1%          2
c - Freezing Cloud        Conj/Ice/Air   40%        6-21      1%          5
h - Hailstorm             Conj/Ice       96%        3d19      1%          4
j - Ozocubu's Refrigerat  Ice            54%        4d15      1%          7
m - Iskenderun's Mystic   Conj/Tloc      56%        2d12      1%          4
o - Ozocubu's Armour      Ice            100%       N/A       0%          3
r - Frozen Ramparts       Ice            100%       1d12      0%          3
w - Wereblood             Tmut           53%        N/A       1%          2

Your spell library contained the following spells:

 Spells                   Type           Power      Damage    Failure   Level
 Freeze                   Ice            100%       1d11      0%          1
 Magic Dart               Conj           100%       1d8       1%          1
 Dazzling Flash           Conj/Hex       92%        N/A       1%          3
 Gell's Gravitas          Tloc           46%        N/A       1%          3
 Lesser Beckoning         Tloc           46%        N/A       1%          3
 Stone Arrow              Conj/Erth      92%        3d12      1%          3
 Teleport Other           Tloc           46%        N/A       1%          3
 Ice Form                 Ice/Tmut       92%        N/A       1%          4
 Summon Ice Beast         Ice/Summ       81%        N/A       1%          4
 Animate Skeleton         Necr           42%        N/A       3%          1
 Pain                     Necr           84%        1d8       3%          1
 Summon Small Mammal      Summ           84%        N/A       3%          1
 Portal Projectile        Hex/Tloc       66%        N/A       3%          3
 Corpse Rot               Necr/Air       42%        N/A       4%          2
 Poisonous Vapours        Pois/Air       42%        N/A       4%          2
 Scorch                   Fire           42%        2d7       4%          2
 Sublimation of Blood     Necr           21%        N/A       4%          2
 Flame Wave               Conj/Fire      46%        2d8       4%          4
 Sticky Flame             Conj/Fire      46%        2d6       4%          4
 Petrify                  Tmut/Erth      38%        N/A       8%          4
 Call Canine Familiar     Summ           21%        N/A       10%         3
 Summon Guardian Golem    Hex/Summ       21%        N/A       10%         3
 Simulacrum               Ice/Necr       40%        N/A       10%         6
 Manifold Assault         Tloc           46%        N/A       12%         5
 Animate Dead             Necr           10%        N/A       32%         4
 Dispel Undead            Necr           21%        3d11      32%         4
 Leda's Liquefaction      Hex/Erth       10%        N/A       32%         4
 Orb of Destruction       Conj           32%        9d12      41%         7
 Starburst                Conj/Fire      23%        6d8       54%         6
 Polar Vortex             Ice            54%        N/A       77%         9
 Spellforged Servitor     Conj/Summ      23%        N/A       98%         7
 Summon Cactus Giant      Summ           10%        N/A       99%         6
 Haunt                    Necr/Summ      10%        N/A       100%        7
 Infestation              Necr           10%        N/A       100%        8


Dungeon Overview and Level Annotations

Branches:
Dungeon (15/15)            Temple (1/1) D:6            Lair (6/6) D:11
 Shoals (4/4) Lair:3       Spider (4/4) Lair:2        Slime (0/5) Lair:5
    Orc (2/2) D:12            Elf (0/3) Orc:2        Vaults (5/5) D:14
  Crypt (0/3) Vaults:3     Depths (0/4) D:15          IceCv (visited)
Volcano (visited)

Altars:
Ashenzari
Cheibriados
Dithmenos
Elyvilon
Fedhas
Gozag
Hepliaklqana
Kikubaaqudgha
Makhleb
Nemelex Xobeh
Okawaru
Qazlal
Ru
Sif Muna
Trog
Uskayaw
Vehumet
Wu Jian
Xom
Yredelemnul
Zin
The Shining One
Beogh
Jiyva

Shops:
D:5 (   D:8 !([!!   Orc:2 (:[*[   Vaults:1 ?

Portals:
Trove: D:14 (give 7 scrolls of fog)

Annotations:
D:12 2 transporters, bluesam3's ghost, journeyman MiBe
Spider:1 Unats's ghost, adept MiFi


Innate Abilities, Weirdness & Mutations

You have a pair of large antennae on your head. (SInv)
You have claws for feet.
You are completely covered in iridescent scales. (AC +6)
You are very agile. (Dex +4)
You are somewhat resistant to further mutation.
Your system is resistant to poisons. (rPois)
You heal very quickly.
Your body has grown many eyes which may confuse attackers. (Acc +5)
You are covered in slimy tendrils that may disarm your opponents.
You have a small jelly attached to you that may absorb projectiles.


Message History

The freezing wraith hits you.
Your quicksilver ooze hits the shadow dragon.
Your quicksilver ooze hits the shadow dragon but does no damage.
You block the tentacled monstrosity's attack.
The tentacled monstrosity closely misses you. x2
The tentacled monstrosity constricts you!
The shadow dragon breathes negative energy at you.
The bolt of negative energy hits you!!!
You feel drained.
* * * LOW HITPOINT WARNING * * *
You shudder from the blast and a jelly pops out!
The bolt of negative energy hits the freezing wraith.
The freezing wraith completely resists.
You hit the tentacled monstrosity but do no damage.
You freeze the tentacled monstrosity! You claw the tentacled monstrosity.
The tentacled monstrosity is severely wounded.
Your quicksilver ooze barely misses the shadow dragon.
Your quicksilver ooze hits the shadow dragon!
You block the freezing wraith's attack. The freezing wraith hits you!
* * * LOW HITPOINT WARNING * * *
The freezing wraith drains your vigour!
You feel yourself slow down.
You hit the tentacled monstrosity. You freeze the tentacled monstrosity!
You claw the tentacled monstrosity, but do no damage.
The tentacled monstrosity is almost dead.
Your quicksilver ooze hits the shadow dragon!
Your quicksilver ooze misses the shadow dragon.
Your acid blob hits the shadow dragon!!!
The shadow dragon is splashed with acid.
The acid corrodes the shadow dragon!
You block the tentacled monstrosity's attack.
The tentacled monstrosity tentacle-slaps you but does no damage.
The tentacled monstrosity tentacle-slaps you.
* * * LOW HITPOINT WARNING * * *
The tentacled monstrosity constricts you.
* * * LOW HITPOINT WARNING * * *
The shadow dragon barely misses your quicksilver ooze.
The shadow dragon claws your quicksilver ooze!
The shadow dragon closely misses your quicksilver ooze.
The golden dragon breathes fire at you. The bolt of fire hits your acid blob!
The bolt of fire hits you!! You resist.
You die...

..###....# .(##....# #
#.##....# ## #. ##[##....#
#.## #..##.)##....##.#.#
#..[...#.[..#.#[#
####.[...[[....#
#######[([W[...############
........[X@<[[.............
........[JDJ<.[............
........[.<<(..............
.........)[.=..............
#######.([[...D############
.......)[..[....## #.?
#.#{###[#..).#.).##.....
#.{[.)#.(..##.........
#.#.###.#....###.......# {


You could see a shadow dragon (catching breath, corroded, ally target), a
tentacled monstrosity, a golden dragon (catching breath, ally target), a
freezing wraith, a friendly acid blob (summoned) and a friendly quicksilver ooze
(summoned).

Vanquished Creatures
  A dread lich (Vaults:5)
  Saint Roka (Vaults:4)
  A golden dragon (Vaults:4)
  Arachne (Spider:1)
  Rupert (Lair:3)
  2 tentacled monstrosities (Vaults:5)
  4 titans
  3 sphinxes
  Frances (Shoals:1)
  Agnes (Spider:2)
  Gastronok (D:9)
  A shadow dragon (Vaults:5)
  4 storm dragons
  4 tengu reavers
  A revenant (Vaults:3)
  A deep elf sorcerer (Vaults:4)
  A fire giant (Vaults:4)
  2 orc warlords
  4 ghost moths
  14 vault wardens
  9 emperor scorpions
  19 ironbound preservers
  9 very ugly things
  A war gargoyle (Vaults:3)
  4 stone giants (Vaults:5)
  8 ironbound thunderhulks
  2 deep elf annihilators
  5 entropy weavers
  4 spark wasps
  12 dire elephants
  An eidolon (Vaults:3)
  A deep elf death mage (Vaults:2)
  A fire dragon (Volcano)
  4 merfolk javelineers
  9 merfolk impalers
  3 ettins (Vaults:5)
  14 yaktaur captains
  5 deep elf high priests
  2 peacekeepers (Vaults:4)
  7 boulder beetles
  Harold (D:8)
  6 hydras
  3 ogre magi
  36 vault guards
  7 ironbound frosthearts
  7 merfolk aquamancers
  11 centaur warriors
  2 catoblepae
  4 death yaks
  2 merfolk avatars (Shoals:4)
  2 satyrs
  2 alligator snapping turtles (Shoals:4)
  8 two-headed ogres
  A tengu warrior (D:12)
  4 orc high priests (Orc:2)
  2 deep elf knights
  A spectral death yak (Lair:6)
  A spectral anaconda (Lair:6)
  14 sea snakes
  38 deep trolls
  3 phantasmal warriors
  An obsidian statue (Lair:6)
  A deep elf archer (Vaults:2)
  10 orc knights
  4 deep elf pyromancers
  11 wizards
  2 swamp dragons (Lair:5)
  18 harpies
  10 ironbound convokers
  4 necromancers
  A human zombie (Vaults:3)
  12 lindwurms
  29 ugly things
  An iron dragon zombie (Vaults:3)
  34 wolf spiders
  6 fauns
  5 orc sorcerers
  17 orb spiders
  25 elephants
  4 moths of wrath
  An ice statue (Shoals:2)
  5 cyclopes
  Maurice (D:8)
  2 dire elephant zombies (Lair:6)
  3 merfolk sirens
  14 manticores
  4 black mambas
  16 vault sentinels
  8 water nymphs
  2 gargoyles
  3 torpor snails
  14 cane toads
  Maggie (D:8)
  2 rime drakes
  Psyche (D:8)
  A kobold demonologist (D:12)
  18 demonic crawlers
  2 unseen horrors
  10 komodo dragons
  An efreet (D:13)
  34 yaktaurs
  4 tengu conjurers
  3 ice devils (IceCv)
  2 human skeletons (Vaults:3)
  8 wind drakes
  36 jumping spiders
  18 merfolk
  12 trolls
  2 polar bears
  A hornet (shapeshifter) (D:14)
  9 hornets
  A meliai zombie (D:10)
  10 snapping turtles
  14 dream sheep
  15 blink frogs
  74 redbacks
  A shadow (D:9)
  39 tarantellas
  2 vampires
  3 wyverns
  A dire elephant simulacrum (Lair:6)
  7 basilisks
  3 wraiths
  18 water elementals
  37 yaks
  Grum (D:9)
  11 steam dragons
  16 humans (D:14)
  2 death yak simulacra (Lair:6)
  2 harpy simulacra (IceCv)
  A naga (D:12)
  2 spectral cane toads (Lair:6)
  4 wargs
  An acid dragon (D:11)
  4 hell hounds (Volcano)
  11 water moccasins
  2 sky beasts (D:6)
  2 elephant zombies (Lair:6)
  3 ice beasts
  36 orc warriors
  21 wolves
  17 centaurs
  8 boggarts (D:15)
  An elephant skeleton (Lair:6)
  7 ogres
  A kobold brigand (D:9)
  A phantom (D:3)
  12 bullfrogs
  2 two-headed ogre simulacra (IceCv)
  3 scorpions
  2 cane toad simulacra (Lair:6)
  7 killer bees
  2 elephant simulacra
  14 wights
  2 electric eels
  7 centaur zombies
  A bullfrog zombie (D:6)
  4 hounds
  10 jellies
  Crazy Yiuf (D:2)
  2 gnoll shamans
  20 orc priests
  A centaur skeleton (D:6)
  A bullfrog skeleton (D:6)
  Natasha (thrice) (D:2)
  4 iguanas
  27 orc wizards
  2 troll simulacra (IceCv)
  5 hell rats
  2 spriggan simulacra (IceCv)
  A killer bee zombie (D:8)
  7 adders
  6 gnolls
  2 howler monkey zombies (D:7)
  A white imp (D:7)
  3 ufetubi
  5 worms
  7 dart slugs
  57 orcs
  2 bats (D:1)
  9 endoplasms
  3 giant cockroaches
  17 goblins
  11 hobgoblins
  9 jackals
  10 kobolds
  8 ball pythons
  2 frilled lizards (D:1)
  6 rats
1436 creatures vanquished.

Vanquished Creatures (collateral kills)
  2 shadow dragons (Vaults:5)
  A war gargoyle (Vaults:4)
  An ironbound thunderhulk (Vaults:4)
  A crystal guardian (Vaults:4)
  A peacekeeper (Vaults:3)
  An orc knight (Vaults:4)
  A cyclops (Shoals:2)
  A wind drake (Shoals:4)
  2 dream sheep (Shoals:2)
  A snapping turtle (Shoals:2)
  A water elemental (Shoals:4)
  A wraith (Vaults:3)
  A bullfrog (Lair:3)
  A white imp (IceCv)
  An ufetubus (IceCv)
17 creatures vanquished.

Vanquished Creatures (others)
  A sphinx (Vaults:4)
  A fire giant (D:15)
  3 great orbs of eyes
  The ghost of tsouns the Tainter, a journeyman DsVM of Vehumet (Orc:2)
  4 centaur warriors (Vaults:1)
  3 ironbound convokers (Vaults:4)
  A wizard (Vaults:4)
  A deep elf pyromancer (D:15)
  A harpy (Shoals:4)
  A wolf spider (Spider:1)
  A vault sentinel (Vaults:1)
  A water nymph (Shoals:4)
  A yaktaur (Vaults:4)
  6 jumping spiders (Spider:1)
  7 slime creatures
  A redback (Spider:1)
  A tarantella (Spider:1)
  A wraith (Vaults:3)
  A basilisk (Lair:3)
  A water elemental (Shoals:1)
  3 humans (D:14)
  An elephant skeleton (Lair:6)
  A cane toad simulacrum (IceCv)
  209 jellies
  5 orc priests
  3 orc wizards (Orc:2)
  16 orcs
  A quokka (D:9)
  73 fungi
  177 plants
  31 withered plants
558 creatures vanquished.

Grand Total: 2011 creatures vanquished

Notes
Turn   | Place    | Note
-------+----------+-------------------------------------------
     0 | D:1      | Armakuni the Human Wanderer began the quest for the Orb.
     0 | D:1      | Armakuni set off with the following items: a +0 dagger, a
                  | +0 leather armour, a +0 pair of gloves; and the following
                  | spells available to memorise: Freeze, Magic Dart, Pain,
                  | Sublimation of Blood, Wereblood, Ozocubu's Armour
     0 | D:1      | Reached XP level 1. HP: 13/13 MP: 4/4
     3 | D:1      | Learned a level 1 spell: Freeze
   265 | D:1      | Reached skill level 2 in Ice Magic
   265 | D:1      | Reached XP level 2. HP: 16/19 MP: 4/6
   545 | D:1      | Found a faded altar of an unknown god.
   638 | D:1      | Reached XP level 3. HP: 18/24 MP: 5/7
   904 | D:1      | Reached skill level 3 in Ice Magic
  1526 | D:2      | Noticed Natasha
  1533 | D:2      | Killed Natasha
  1534 | D:2      | Reached XP level 4. HP: 24/30 MP: 2/8
  1626 | D:2      | Learned a level 3 spell: Ozocubu's Armour
  1644 | D:2      | Reached skill level 4 in Ice Magic
  1859 | D:2      | Learned a level 2 spell: Wereblood
  1918 | D:2      | Reached XP level 5. HP: 32/35 MP: 2/9
  2231 | D:2      | Noticed Natasha
  2236 | D:2      | Killed Natasha
  2405 | D:2      | Reached skill level 5 in Ice Magic
  2431 | D:2      | Noticed Natasha
  2452 | D:2      | Killed Natasha
  2557 | D:2      | Found a runed translucent door.
  2558 | D:2      | Noticed Crazy Yiuf
  2567 | D:2      | Killed Crazy Yiuf
  2568 | D:2      | Reached skill level 1 in Fighting
  2568 | D:2      | Reached XP level 6. HP: 30/43 MP: 3/10
  3222 | D:3      | Found an iron altar of Okawaru.
  3591 | D:4      | Reached skill level 1 in Staves
  3987 | D:3      | Reached XP level 7. HP: 41/51 MP: 11/11
  4598 | D:4      | Reached skill level 6 in Ice Magic
  4964 | D:4      | Found a snail-covered altar of Cheibriados.
  4964 | D:4      | Found an opulent altar of Gozag.
  5002 | D:5      | Entered Level 5 of the Dungeon
  5080 | D:5      | Reached XP level 8. HP: 53/59 MP: 8/12
  5219 | D:5      | Found Digi's Weapon Shoppe.
  5910 | D:5      | Found a hide-covered altar of Uskayaw.
  6124 | D:6      | Noticed a komodo dragon
  6271 | D:6      | Identified a scroll of acquirement
  6271 | D:6      | Acquired the ring "Daeriegi" {rPois Str+6 Int+3 Dex+5}
  6322 | D:6      | Reached skill level 7 in Ice Magic
  6349 | D:6      | Learned a level 2 spell: Blink
  6366 | D:6      | Reached skill level 5 in Fighting
  6451 | D:6      | Reached XP level 9. HP: 63/68 MP: 13/13
  6520 | D:6      | Reached skill level 5 in Staves
  6543 | D:6      | Upgraded the game from 0.28-a0-1213-g0243856f03 to
                  | 0.28-a0-1227-ga9037bb4c8
  6576 | D:6      | Reached skill level 8 in Ice Magic
  6902 | D:6      | Identified the +6 falchion of Leappo Vudu {flame, rF+}
  7111 | D:6      | Identified the ring of Teang {rCorr Str+6 SInv}
  7118 | D:6      | Reached skill level 9 in Ice Magic
  7171 | D:6      | Killed a komodo dragon
  7172 | D:6      | Reached XP level 10. HP: 24/74 MP: 14/14
  7402 | D:6      | Learned a level 4 spell: Hailstorm
  7406 | D:6      | Learned a level 3 spell: Frozen Ramparts
  7781 | D:6      | Found a staircase to the Ecumenical Temple.
  7797 | Temple   | Entered the Ecumenical Temple
  8134 | D:7      | Found a glowing silver altar of Zin.
  9472 | D:8      | Noticed Psyche
  9480 | D:8      | Reached skill level 1 in Evocations
  9482 | D:8      | Reached skill level 10 in Ice Magic
  9492 | D:8      | Killed Psyche
  9556 | D:8      | Found Acloureg's Distillery.
  9562 | D:8      | Bought a potion of mutation for 120 gold pieces
  9562 | D:8      | Bought a potion of heal wounds for 75 gold pieces
  9647 | D:8      | Found Heredim's Distillery.
  9653 | D:8      | Found Merehek's Antique Armour Shop.
  9655 | D:8      | Noticed Maurice
  9658 | D:8      | Bought a potion of mutation for 88 gold pieces
  9673 | D:8      | Killed Maurice
  9812 | D:8      | Found Icekujai's Antique Weapon Shop.
  9901 | D:8      | Found Ycoergh's Distillery.
  9906 | D:8      | Bought a potion of berserk rage for 75 gold pieces
  9925 | D:8      | Found a stormy altar of Qazlal.
 10329 | D:8      | Noticed a green ugly thing
 10329 | D:8      | Noticed a four-headed hydra
 10329 | D:8      | Noticed a purple ugly thing
 10329 | D:8      | Noticed a boulder beetle
 10344 | D:8      | Killed a four-headed hydra
 10429 | D:8      | Killed a boulder beetle
 10430 | D:8      | Reached skill level 5 in Evocations
 10430 | D:8      | Reached XP level 11. HP: 53/79 MP: 9/15
 10516 | D:8      | Reached skill level 10 in Staves
 10598 | D:8      | Killed a green ugly thing
 10599 | D:8      | Reached skill level 1 in Shields
 10605 | D:8      | Killed a green ugly thing
 11012 | D:8      | Noticed Maggie
 11022 | D:8      | Killed Maggie
 11176 | D:8      | Noticed Harold
 11185 | D:8      | Killed Harold
 11271 | D:8      | Identified the +1 chain mail of Creativity {+Inv Regen+
                  | Str-5 Int+3 SInv}
 11533 | D:9      | Found a white marble altar of Elyvilon.
 11577 | D:9      | Noticed Grum
 11583 | D:9      | Killed Grum
 11917 | D:9      | Reached skill level 1 in Armour
 12167 | D:9      | Noticed Gastronok
 12192 | D:9      | Killed Gastronok
 12486 | D:9      | Identified the +1 leather armour of Youthful Indiscretion
                  | {Int+2}
 12501 | D:9      | Identified the +2 robe "Xukkefy" {Will+ Str+3 Stlth-}
 12955 | D:10     | Entered Level 10 of the Dungeon
 13089 | D:10     | Reached XP level 12. HP: 79/86 MP: 16/16
 13131 | D:10     | Noticed a two-headed ogre
 13146 | D:10     | Killed a two-headed ogre
 13381 | D:10     | Found a shimmering blue altar of Sif Muna.
 14315 | D:11     | Noticed a four-headed hydra
 14322 | D:11     | Killed a four-headed hydra
 14393 | D:11     | Noticed a boulder beetle
 14402 | D:11     | Killed a boulder beetle
 14403 | D:11     | Reached skill level 5 in Armour
 14633 | D:11     | Noticed a boulder beetle
 14651 | D:11     | Killed a boulder beetle
 14683 | D:11     | Learned a level 1 spell: Apportation
 14833 | D:11     | Noticed a death yak
 14846 | D:11     | Noticed a death yak
 14849 | D:11     | Noticed a death yak
 14856 | D:11     | Killed a death yak
 14863 | D:11     | Killed a death yak
 14869 | D:11     | Killed a death yak
 14871 | D:11     | Reached XP level 13. HP: 83/91 MP: 10/17
 14893 | D:11     | Reached skill level 10 in Evocations
 14958 | D:11     | Found a staircase to the Lair.
 15471 | Lair:1   | Entered Level 1 of the Lair of Beasts
 15727 | D:12     | Found a frozen archway.
 15727 | D:12     | Noticed Sonja
 15728 | D:12     | Noticed Sonja
 15728 | D:12     | Sonja changed into Sonja the naga
 15735 | D:12     | Killed Sonja the naga
 15744 | IceCv    | Entered an ice cave
 16663 | D:12     | Found a staircase to the Orcish Mines.
 16698 | D:12     | Reached skill level 5 in Spellcasting
 16784 | D:12     | Found a transporter.
 16789 | D:12     | Found a transporter.
 16793 | D:12     | Found a bloodstained altar of Trog.
 16803 | D:12     | Noticed bluesam3's ghost (journeyman MiBe)
 17781 | D:13     | Noticed a catoblepas
 17794 | D:13     | Killed a catoblepas
 17805 | D:13     | Learned a level 5 spell: Freezing Cloud
 18074 | D:13     | Reached skill level 1 in Conjurations
 18195 | D:13     | Reached skill level 10 in Armour
 19757 | Lair:2   | Found a hole to the Spider Nest.
 19894 | Lair:2   | Acquired 1174 gold pieces
 20443 | Lair:3   | Noticed Rupert
 20448 | Lair:3   | Paralysed by Rupert for 2 turns
 20709 | Lair:3   | Reached XP level 14. HP: 98/98 MP: 24/24
 21269 | Lair:4   | Reached skill level 5 in Conjurations
 22416 | Lair:5   | Found a transporter.
 22505 | Lair:5   | Found a staircase to the Slime Pits.
 22505 | Lair:5   | Found a viscous altar of Jiyva.
 22563 | Lair:5   | Became a worshipper of Jiyva Juomohou the Shapeless
 22876 | Lair:5   | Reached * piety under Jiyva
 23133 | Lair:5   | Found a transporter.
 23234 | Lair:6   | Entered Level 6 of the Lair of Beasts
 23316 | Lair:6   | Found a burning altar of Makhleb.
 23819 | Lair:6   | Reached ** piety under Jiyva
 23865 | Lair:6   | Reached XP level 15. HP: 103/103 MP: 28/28
 24023 | Lair:6   | Reached skill level 10 in Spellcasting
 24410 | Lair:6   | Upgraded the game from 0.28-a0-1227-ga9037bb4c8 to
                  | 0.28-a0-1235-g7c8fac35f0
 24526 | Lair:6   | Reached skill level 10 in Conjurations
 25194 | Lair:6   | Reached skill level 5 in Dodging
 25659 | Lair:3   | Killed Rupert
 25675 | Lair:3   | Reached skill level 11 in Ice Magic
 25851 | Lair:3   | You fall into a shaft and drop 2 floors!
 26117 | Orc:1    | Entered Level 1 of the Orcish Mines
 26254 | Orc:2    | Entered Level 2 of the Orcish Mines
 26279 | Orc:2    | Found a staircase to the Elven Halls.
 26280 | Orc:2    | Reached *** piety under Jiyva
 26370 | Orc:2    | Reached XP level 16. HP: 115/115 MP: 21/30
 26404 | Orc:2    | Found Zeape's Armour Shop.
 26423 | Orc:2    | Gained mutation: You have a small jelly attached to you
                  | that may absorb projectiles. [Jiyva's grace]
 26423 | Orc:2    | Gained mutation: You are somewhat resistant to further
                  | mutation. [Jiyva's grace]
 26423 | Orc:2    | Gained mutation: You are somewhat resistant to both further
                  | mutation and mutation removal. [Jiyva's grace]
 26423 | Orc:2    | Gained mutation: You are almost entirely resistant to
                  | further mutation and mutation removal. [Jiyva's grace]
 26558 | Orc:1    | Found a dark tunnel.
 26567 | Volcano  | Entered a volcano
 27064 | Orc:1    | Found a shimmering altar of Xom.
 27226 | Orc:2    | Reached **** piety under Jiyva
 27550 | Orc:2    | Reached skill level 12 in Ice Magic
 27727 | Orc:2    | Found a runed translucent door.
 27771 | Orc:2    | Found Zanuc's Antique Armour Shoppe.
 27772 | Orc:2    | Found Puevacod's Antique Weapon Emporium.
 27774 | Orc:2    | Found Rutoupsafi's General Store.
 27774 | Orc:2    | Found Esucsy's Book Shoppe.
 27791 | Orc:2    | Bought a manual of Fighting for 1200 gold pieces
 27862 | Orc:2    | Noticed tsouns's ghost (journeyman DsVM)
 27962 | Orc:2    | Killed tsouns's ghost
 28038 | Orc:2    | Bought a shiny helmet for 240 gold pieces
 28051 | Orc:2    | Bought a pair of runed boots for 240 gold pieces
 28075 | Orc:2    | Bought Faic's Handbook of Freezing Clay for 660 gold pieces
 28084 | Orc:2    | Learned a level 7 spell: Ozocubu's Refrigeration
 28542 | D:14     | Reached skill level 5 in Shields
 28671 | D:14     | Reached skill level 10 in Fighting
 28673 | D:14     | Found a gate to the Vaults.
 28840 | D:14     | Found a portal to a secret trove of treasure.
 29124 | D:15     | Entered Level 15 of the Dungeon
 29135 | D:15     | Reached ***** piety under Jiyva
 29138 | D:15     | Found an ancient bone altar of Kikubaaqudgha.
 29232 | D:15     | Paralysed by an ogre mage for 6 turns
 29239 | D:15     | HP: 2/123 [two-headed ogre (13)]
 29354 | D:15     | Found a staircase to the Depths.
 29397 | D:15     | Gained mutation: You are partially covered in iridescent
                  | scales. (AC +2) [Jiyva's grace]
 29397 | D:15     | Gained mutation: You are mostly covered in iridescent
                  | scales. (AC +4) [Jiyva's grace]
 29397 | D:15     | Gained mutation: You are completely covered in iridescent
                  | scales. (AC +6) [Jiyva's grace]
 29397 | D:15     | Gained mutation: You have a pair of small horns on your
                  | head. [Jiyva's grace]
 29472 | D:15     | Noticed a fire giant
 29483 | D:15     | Killed a fire giant
 29763 | D:15     | Reached XP level 17. HP: 126/133 MP: 31/31
 30218 | Spider:1 | Entered Level 1 of the Spider Nest
 30423 | Spider:1 | Reached skill level 10 in Shields
 30910 | Spider:1 | Found a runed translucent gate.
 30910 | Spider:1 | Found a runed translucent gate.
 30911 | Spider:1 | Found a runed translucent gate.
 30950 | Spider:1 | Noticed Unats's ghost (adept MiFi)
 30963 | Spider:1 | Identified the +2 helmet of Knowledge {rElec rN+ Dex-3}
 30965 | Spider:1 | Noticed a Hell Sentinel
 31618 | Spider:2 | Noticed Arachne
 31644 | Spider:1 | Killed Arachne
 31645 | Spider:1 | Reached skill level 15 in Fighting
 31705 | Spider:2 | Noticed Agnes
 31714 | Spider:2 | Killed Agnes
 31857 | Spider:2 | Reached ****** piety under Jiyva
 31923 | Spider:2 | Lost mutation: You are completely covered in iridescent
                  | scales. (AC +6) [Jiyva's grace]
 31923 | Spider:2 | Lost mutation: You are mostly covered in iridescent scales.
                  | (AC +4) [Jiyva's grace]
 31923 | Spider:2 | Lost mutation: You are almost entirely resistant to further
                  | mutation and mutation removal. [Jiyva's grace]
 31923 | Spider:2 | Gained mutation: Your body has grown eyes which may confuse
                  | attackers. (Acc +3) [Jiyva's grace]
 31923 | Spider:2 | Gained mutation: Your body has grown many eyes which may
                  | confuse attackers. (Acc +5) [Jiyva's grace]
 31923 | Spider:2 | Gained mutation: Your body is covered in eyes which may
                  | confuse attackers. (Acc +7, SInv) [Jiyva's grace]
 31923 | Spider:2 | Gained mutation: You are agile. (Dex +2) [Jiyva's grace]
 32502 | Spider:3 | Reached XP level 18. HP: 116/149 MP: 20/32
 32685 | Spider:3 | Reached skill level 13 in Ice Magic
 33654 | Spider:4 | Entered Level 4 of the Spider Nest
 33668 | Spider:4 | Acquired An Early Guide to Theurgy
 34020 | Spider:4 | Reached skill level 14 in Ice Magic
 34299 | Spider:4 | Learned a level 4 spell: Iskenderun's Mystic Blast
 34376 | Spider:4 | Reached skill level 1 in Translocations
 34577 | Spider:4 | Got a gossamer rune of Zot
 35004 | Lair:3   | Found a staircase to the Shoals.
 35420 | Shoals:1 | Entered Level 1 of the Shoals
 35439 | Shoals:1 | Lost mutation: You have a pair of small horns on your head.
                  | [Jiyva's grace]
 35439 | Shoals:1 | Lost mutation: You are partially covered in iridescent
                  | scales. (AC +2) [Jiyva's grace]
 35439 | Shoals:1 | Lost mutation: You are somewhat resistant to both further
                  | mutation and mutation removal. [Jiyva's grace]
 35439 | Shoals:1 | Gained mutation: You have sharp toenails. [Jiyva's grace]
 35439 | Shoals:1 | Gained mutation: You have razor-sharp toenails. [Jiyva's
                  | grace]
 35439 | Shoals:1 | Gained mutation: You have claws for feet. [Jiyva's grace]
 35439 | Shoals:1 | Gained mutation: You expend magic power (3 MP) to
                  | strengthen your wands. [Jiyva's grace]
 35614 | Shoals:1 | Reached skill level 1 in Transmutations
 35779 | Shoals:1 | Noticed Frances
 35795 | Shoals:1 | Killed Frances
 36110 | Shoals:2 | Reached skill level 5 in Translocations
 36230 | Shoals:2 | Reached XP level 19. HP: 148/155 MP: 35/35
 36479 | Shoals:2 | Found a gateway to a bazaar.
 36494 | Bazaar   | Entered a bazaar
 36494 | Bazaar   | Found Ydeeqifa's General Store.
 36532 | Bazaar   | Found Vaod's Distillery.
 36541 | Bazaar   | Found Gejaij's Distillery.
 36551 | Bazaar   | Found Fasuse's Distillery.
 36586 | Bazaar   | Bought an amulet of magic regeneration for 510 gold pieces
 36589 | Bazaar   | Bought a scroll of teleportation for 51 gold pieces
 36619 | Bazaar   | Bought a potion of curing for 27 gold pieces
 36619 | Bazaar   | Bought a potion of curing for 27 gold pieces
 36706 | Shoals:3 | Reached skill level 5 in Transmutations
 36813 | Shoals:3 | Acquired 1142 gold pieces
 37032 | Shoals:3 | Lost mutation: Your body is covered in eyes which may
                  | confuse attackers. (Acc +7, SInv) [Jiyva's grace]
 37032 | Shoals:3 | Gained mutation: Your natural rate of healing is unusually
                  | fast. [Jiyva's grace]
 37032 | Shoals:3 | Gained mutation: You heal very quickly. [Jiyva's grace]
 37032 | Shoals:3 | Gained mutation: You regenerate. [Jiyva's grace]
 37032 | Shoals:3 | Gained mutation: You are somewhat resistant to both further
                  | mutation and mutation removal. [Jiyva's grace]
 37399 | Shoals:4 | Entered Level 4 of the Shoals
 37974 | Shoals:4 | Got a barnacled rune of Zot
 38076 | Shoals:4 | Reached skill level 15 in Ice Magic
 38718 | Vaults:1 | Entered Level 1 of the Vaults
 38924 | Vaults:1 | Reached XP level 20. HP: 101/162 MP: 37/37
 39000 | Vaults:1 | Found Guytzufa's Magic Scroll Boutique.
 39035 | Vaults:1 | Bought a scroll of teleportation for 54 gold pieces
 39035 | Vaults:1 | Bought a scroll of amnesia for 63 gold pieces
 39253 | Vaults:1 | Reached skill level 16 in Ice Magic
 39642 | Vaults:1 | Lost mutation: You are somewhat resistant to both further
                  | mutation and mutation removal. [Jiyva's grace]
 39642 | Vaults:1 | Lost mutation: You regenerate. [Jiyva's grace]
 39642 | Vaults:1 | Gained mutation: You are partially covered in iridescent
                  | scales. (AC +2) [Jiyva's grace]
 39642 | Vaults:1 | Gained mutation: You are mostly covered in iridescent
                  | scales. (AC +4) [Jiyva's grace]
 39642 | Vaults:1 | Gained mutation: You are completely covered in iridescent
                  | scales. (AC +6) [Jiyva's grace]
 39642 | Vaults:1 | Gained mutation: Your system is resistant to poisons.
                  | (rPois) [Jiyva's grace]
 40844 | Vaults:2 | Lost mutation: You are completely covered in iridescent
                  | scales. (AC +6) [Jiyva's grace]
 40844 | Vaults:2 | Lost mutation: You expend magic power (3 MP) to strengthen
                  | your wands. [Jiyva's grace]
 40844 | Vaults:2 | Gained mutation: You are very agile. (Dex +4) [Jiyva's
                  | grace]
 40844 | Vaults:2 | Gained mutation: You have a pair of small antennae on your
                  | head. [Jiyva's grace]
 40844 | Vaults:2 | Gained mutation: You have a pair of antennae on your head.
                  | [Jiyva's grace]
 40844 | Vaults:2 | Gained mutation: You have a pair of large antennae on your
                  | head. (SInv) [Jiyva's grace]
 41004 | Vaults:2 | Reached XP level 21. HP: 127/168 MP: 33/39
 41421 | Vaults:3 | Reached skill level 17 in Ice Magic
 41548 | Vaults:3 | Reached skill level 15 in Spellcasting
 42002 | Vaults:3 | Found a staircase to the Crypt.
 42496 | Vaults:3 | Lost mutation: You have a pair of large antennae on your
                  | head. (SInv) [Jiyva's grace]
 42496 | Vaults:3 | Lost mutation: You have a pair of antennae on your head.
                  | [Jiyva's grace]
 42496 | Vaults:3 | Gained mutation: You are completely covered in iridescent
                  | scales. (AC +6) [Jiyva's grace]
 42496 | Vaults:3 | Gained mutation: You are covered in slimy tendrils that may
                  | disarm your opponents. [Jiyva's grace]
 42496 | Vaults:3 | Gained mutation: You have a pair of antennae on your head.
                  | [Jiyva's grace]
 42496 | Vaults:3 | Gained mutation: You have a pair of large antennae on your
                  | head. (SInv) [Jiyva's grace]
 43430 | Vaults:4 | Reached skill level 18 in Ice Magic
 43741 | Vaults:4 | Reached XP level 22. HP: 175/175 MP: 41/41
 43883 | Vaults:4 | Noticed Saint Roka
 43900 | Vaults:4 | Killed Saint Roka
 44125 | Vaults:5 | Entered Level 5 of the Vaults
 44127 | Vaults:5 | Noticed a golden dragon
 44144 | Vaults:4 | Killed a golden dragon
 44889 | Vaults:5 | Noticed a dread lich
 44914 | Vaults:5 | Killed a dread lich
 44923 | Vaults:5 | HP: 6/150 [yaktaur captain/bolt (21)]
 44926 | Vaults:5 | Reached skill level 19 in Ice Magic
 44977 | Vaults:5 | Identified the +9 great sword of Calculation {drain, rPois
                  | rN+ Will- rCorr}
 45051 | Vaults:5 | Reached skill level 15 in Armour
 45053 | Vaults:5 | Reached XP level 23. HP: 138/164 MP: 25/44
 45121 | Vaults:5 | Noticed a golden dragon
 45188 | Vaults:5 | Killed from afar by a golden dragon

Illustrated notes

Levels and vault maps discovered:
D:1:      lemuel_arrival_behind_the_door_small, layout_loops_ring,
          hellmonk_ecumenical_altar_arch_garden, kennysheep_flooded_box
D:2:      layout_loops_ring, uniq_natasha, uniq_crazy_yiuf_cottage
D:3:      layout_basic, kennysheep_okawaru_gauntlet,
          minmay_randomly_rotated_circles
D:4:      layout_loops_ring, nicolae_overflow_hidden_temple, enter_ossuary_1
D:5:      layout_loops_ring, mainiacjoe_overflow_alcove_2, serial_shops,
          kennysheep_mini
D:6:      layout_loops_corners, minmay_temple_entry_offerings, grunt_potential
D:7:      layout_layer_cave, mainiacjoe_overflow_six_doors_small
D:8:      minmay_the_grid_triangle_9x9_recursive_2
          [minmay_the_grid_triangle_9x9_prize_insulated,
          minmay_the_grid_triangle_9x9_sprig,
          minmay_the_grid_triangle_9x9_empty,
          minmay_the_grid_triangle_9x9_longest], layout_basic,
          nicolae_overflow_crystal_walls, serial_shops,
          nicolae_shop_hallway_plus, nicolae_diamond_shop, nicolae_shop_crystal,
          nicolae_shop_crystal, nicolae_shop_trees, uniq_harold, uniq_maggie,
          uniq_maurice, uniq_psyche
D:9:      layout_long_grid, elyvilon_altar_4, uniq_gastronok, uniq_grum
D:10:     layout_basic, lemuel_crystal_altar, minmay_misc_feat_four_crosses,
          hangedman_decor_peaks_small, nzn_life_drinkers
D:11:     layout_loops_ring, dpeg_lair_monsters
D:12:     layout_long_grid, orc_0_dummy, portal_ice_cave_entry_pillars_1,
          gammafunk_ghost_wrathful_warriors, small_statue_intersection,
          uniq_sonja
D:13:     layout_loops_ring
D:14:     layout_roguey, grunt_vaults_entry_tiered, nicolae_trove_entry_crystal,
          drop_trap, kennysheep_generic_room_9
D:15:     grunt_enter_depths_giant_problem, layout_irregular_city,
          serial_bayou_pond_b, nicolae_kikubaaqudgha_miasma_corner
Temple:   zaba_magenta_temple
Lair:1:   layout_cave_pods, chequers_serial_rivers_marsh
Lair:2:   layout_gridlike, spider_nest_entry_webs
Lair:3:   layout_long_grid, minmay_shoals_entry_beasts, uniq_rupert
Lair:4:   layout_gridlike, nzn_random_ring
Lair:5:   gammafunk_cloud_chamber, layout_loops_ring, slime_altar_1
Lair:6:   due_jungle_book, layout_regular_city, basic_altar,
          infiniplex_staircase_pool
Shoals:1: layout_shoals, uniq_frances
Shoals:2: layout_shoals, serial_shops, statue_bzr
Shoals:3: layout_shoals, nicolae_shoals_water_shrine
Shoals:4: shoals_end_simple, layout_shoals
Spider:1: nicolae_spider_mines_2, gammafunk_ghost_tricky_traps,
          nicolae_spider_twisty_arc_passages
Spider:2: layout_spider_delve, nicolae_spider_not_touching_you, uniq_agnes,
          uniq_arachne
Spider:3: nicolae_spider_corner
Spider:4: guppyfry_spider_rune, guppyfry_spider_mini_1
Orc:1:    layout_caves, basic_altar, enter_bailey_3,
          nicolae_volcano_entry_vermiform
Orc:2:    st_orc_congregation, layout_caves, gammafunk_ghost_grave,
          special_room, serial_shops, nicolae_shop_stone, basic_altar
Vaults:1: hangedman_vaults_snaps, grunt_vaults_swirl,
          nicolae_vaults_network_square, hangedman_vaults_nodes, v_rooms_1,
          vaults_room_grid, v_misc_23, ontoclasm_vaults_ring_large,
          hangedman_vaults_stagger, nicolae_vaults_holding_cells,
          grunt_vaults_hallway_long, layout_vaults_maze_bifur, serial_shops,
          nicolae_square_shop
Vaults:2: vaults_mumra_minichess, hangedman_vaults_stretched_pinwheel,
          v_alt_pattern_5, hangedman_vaults_trim, hangedman_vaults_river_flow,
          grunt_vaults_trifunnel, layout_vaults_quadrants
Vaults:3: minmay_crypt_entry_simple_sparse, v_alt_pattern_6, v_misc_30,
          v_misc_3, nicolae_vaults_theta, v_misc_5, v_misc_27,
          vaults_room_fancy_cross, nicolae_vaults_little_squares_6,
          layout_vaults_omnicross
Vaults:4: vaults_room_hallway, v_misc_32, vaults_mumra_hex,
          vaults_room_door_hall, hangedman_vaults_capsules, v_misc_15,
          v_misc_11, v_misc_30, layout_vaults_big_room, uniq_saint_roka
Vaults:5

Skill      XL: |  1  2  3  4  5  6  7  8  9 10 11 12 13 14 15 16 17 18 19 20 21 22 |
---------------+-------------------------------------------------------------------+-----
Ice Magic      | 2 3 4 5 6 7 9 10 11 12 14 15 16 18 19 | 19.2
Fighting       | 1 2 3 5 7 11 15 | 15.2
Staves         | 1 3 4 7 9 11 12 | 12.0
Evocations     | 5 7 9 10 | 10.0
Shields        | 4 9 12 | 12.6
Armour         | 3 6 10 11 13 15 | 15.1
Spellcasting   | 6 9 10 12 13 14 15 17 | 17.1
Conjurations   | 3 8 10 | 10.0
Dodging        | 6 8 |  8.1
Translocations | 5 |  5.0
Transmutations | 3 6 |  6.7
Invocations    | |  1.5

Action                   |  1- 3 |  4- 6 |  7- 9 | 10-12 | 13-15 | 16-18 | 19-21 | 22-24 || total
-------------------------+-------+-------+-------+-------+-------+-------+-------+-------++-------
Melee: Dagger            |    69 |    16 |       |       |       |       |       |       ||    85
       Spear             |       |    46 |       |       |       |       |       |       ||    46
       Quarterstaff      |       |    53 |   248 |    85 |       |       |       |       ||   386
       Staff             |       |       |       |   406 |   884 |  1299 |  1304 |   266 ||  4159
       Falchion          |       |       |       |       |     8 |       |       |       ||     8
       Headbutt          |       |       |       |       |       |   255 |       |       ||   255
       Kick              |       |       |       |       |       |    43 |   622 |   144 ||   809
Throw: Dart              |       |       |    11 |       |       |       |     2 |       ||    13
       Javelin           |       |       |       |     1 |       |       |       |       ||     1
       Throwing net      |       |       |       |       |     1 |     5 |     2 |     1 ||     9
 Cast: Freeze            |    49 |    60 |       |       |       |       |       |       ||   109
       Ozocubu's Armour  |       |       |    10 |    25 |    16 |    10 |    18 |     1 ||    80
       Frozen Ramparts   |       |       |       |    41 |    62 |    36 |    36 |     9 ||   184
       Hailstorm         |       |       |       |       |    21 |       |       |       ||    21
       Freezing Cloud    |       |       |       |       |    19 |    67 |    21 |     4 ||   111
       Ozocubu's Refrige |       |       |       |       |       |    10 |    49 |    30 ||    89
       Iskenderun's Myst |       |       |       |       |       |       |     9 |     9 ||    18
Evoke: Wand              |       |       |     3 |     8 |    37 |     7 |     2 |       ||    57
       Lightning rod     |       |       |       |       |     2 |     4 |     6 |     8 ||    20
       Phantom mirror    |       |       |       |       |       |     1 |     3 |       ||     4
       Box of beasts     |       |       |       |       |       |       |     1 |     1 ||     2
       Condenser vane    |       |       |       |       |       |       |       |     2 ||     2
  Use: Scroll            |     3 |     5 |     7 |     5 |     8 |     6 |     3 |     4 ||    41
       Potion            |       |     2 |     4 |     1 |     1 |    11 |       |    10 ||    29
 Stab: Sleeping          |     1 |     2 |     2 |       |     2 |       |       |       ||     7
       Paralysed         |       |       |     1 |       |    12 |     8 |       |       ||    21
       Confused          |       |       |     1 |       |       |    21 |    44 |     2 ||    68
       Petrified         |       |       |       |     4 |       |       |       |       ||     4
       Held in net/web   |       |       |       |       |       |     5 |     4 |     1 ||    10
       Distracted        |       |       |       |       |       |     1 |     1 |       ||     2
Armor: Leather armour    |    30 |    46 |    69 |    85 |       |       |       |       ||   230
       Skin              |       |       |    45 |     9 |       |       |       |       ||    54
       Robe              |       |       |       |    49 |       |       |       |       ||    49
       Acid dragon scale |       |       |       |    16 |   229 |    54 |       |       ||   299
       Swamp dragon scal |       |       |       |     6 |       |   426 |   352 |   153 ||   937
       Scale mail        |       |       |       |       |       |   127 |       |       ||   127
Dodge: Dodged            |    60 |   105 |   158 |   291 |   473 |   904 |   637 |   157 ||  2785
Block: Buckler           |       |       |       |    44 |   199 |   538 |   464 |    84 ||  1329

Table legend: (Time is in decaauts)
 A = Elapsed time spent in this place.
 B = Non-inter-level travel time spent in this place.
 C = Inter-level travel time spent in this place.
 D = Time resting spent in this place.
 E = Time spent auto-exploring this place.
 F = Levels seen in this place.
 G = Mean time per level.
                   A        B        C        D        E       F      G
               +--------+--------+--------+--------+--------+-----+--------+
         Total |  43962 |  41678 |   2284 |   8490 |  21805 |  40 | 1099.1 |
       Dungeon |  19770 |  18797 |    973 |   3937 |  10986 |  15 | 1318.0 |
        Temple |     73 |     55 |     18 |      0 |     50 |   1 |   73.0 |
          Lair |   7836 |   7297 |    539 |   1533 |   3950 |   6 | 1306.0 |
        Shoals |   3050 |   2887 |    163 |    404 |   1337 |   4 |  762.5 |
   Spider Nest |   4418 |   4061 |    357 |    621 |   1992 |   4 | 1104.5 |
  Orcish Mines |   1606 |   1478 |    128 |     63 |    577 |   2 |  803.0 |
        Vaults |   5992 |   5886 |    106 |   1357 |   2698 |   5 | 1198.4 |
        Bazaar |    148 |    148 |      0 |      0 |     60 |   1 |  148.0 |
      Ice Cave |    726 |    726 |      0 |    575 |     17 |   1 |  726.0 |
       Volcano |    337 |    337 |      0 |      0 |    138 |   1 |  337.0 |
               +--------+--------+--------+--------+--------+-----+--------+

Top non-repeatable levels by time:
     D:8: 2070 daAuts
  Lair:6: 1859 daAuts
Vaults:4: 1815 daAuts
     D:6: 1811 daAuts
  Lair:4: 1591 daAuts
     D:7: 1513 daAuts
Spider:3: 1483 daAuts
     D:2: 1396 daAuts
     D:9: 1373 daAuts
Vaults:2: 1338 daAuts
Spider:1: 1333 daAuts
     D:1: 1332 daAuts
    D:12: 1331 daAuts
    D:11: 1250 daAuts
  Lair:3: 1248 daAuts
